 Dungeon Crawl Stone Soup version 0.21.1-1-g345015fe64 (webtiles) character file.

2334 Oravi the Slicer (level 9, -1/63 HPs)
             Began as a Halfling Fighter on Mar 28, 2018.
             Was a Believer of Okawaru.
             Slain by an orc knight
             ... wielding a cursed -3 battleaxe
              (20 damage)
             ... in a bailey.
             The game lasted 00:33:40 (6413 turns).

Oravi the Slicer (Halfling Fighter)                 Turns: 6413, Time: 00:33:45

Health: -1/63      AC: 14    Str: 17    XL:     9   Next: 70%
Magic:  7/9        EV: 13    Int:  9    God:    Okawaru [**....]
Gold:   133        SH: 14    Dex: 17    Spells: 8/8 levels left

rFire    . . .     SeeInvis .   m - +3 short sword (venom)
rCold    . . .     Gourm    .   c - +2 shield
rNeg     . . .     Faith    .   b - +0 scale mail
rPois    .         Spirit   .   d - +2 helmet
rElec    .         Reflect  .   v - +0 cloak
rCorr    .         Harm     .   u - +0 pair of gloves
MR       .....                  (no boots)
Stlth    ..........             (no amulet)
HPRegen  0.20/turn              g - +3 ring of intelligence
MPRegen  0.11/turn              (no ring)

@: heroism
A: small, mutation resistance 1, no stealth
a: Heroism, Renounce Religion


You were in a bailey.
You worshipped Okawaru.
Okawaru was pleased with you.
You were not hungry.

You visited 2 branches of the dungeon, and saw 8 of its levels.
You also visited: Bailey.

You collected 313 gold pieces.
You spent 180 gold pieces at shops.

Inventory:

Hand Weapons
 a - a +0 rapier
 m - a +3 short sword of venom (weapon)
Missiles
 e - 169 stones (quivered)
Armour
 b - a +0 scale mail (worn)
 c - a +2 shield (worn)
 d - a +2 helmet (worn)
 r - the +2 leather armour "Ropp" {Str+2, unknown}
   (You found it on level 7 of the Dungeon)

   It affects your strength (+2).
 u - a +0 pair of gloves (worn)
 v - a +0 cloak (worn)
Jewellery
 g - a +3 ring of intelligence (left hand)
Wands
 s - a wand of random effects (20)
Scrolls
 i - 2 scrolls of fear
 j - 8 scrolls of identify
 l - 2 scrolls of fog
 o - a scroll of remove curse
 p - 2 scrolls of teleportation
Potions
 k - a potion of flight
 n - a potion of mutation
 q - a potion of curing
Comestibles
 f - 11 rations
 h - 6 chunks of flesh


   Skills:
 + Level 6.7(11.7) Fighting
 + Level 12.2(17.2) Short Blades
 - Level 3.2(8.2) Armour
 - Level 3.2(8.2) Shields


You had 8 spell levels left.
You didn't know any spells.

Dungeon Overview and Level Annotations

Branches:
Dungeon (7/15)             Temple (1/1) D:6

Altars:
Cheibriados
Dithmenos
Elyvilon
Fedhas
Hepliaklqana
Kikubaaqudgha
Makhleb
Nemelex Xobeh
Okawaru
Qazlal
Ru
Sif Muna
Uskayaw
Vehumet
Wu Jian
Xom
Yredelemnul
The Shining One

Shops:
D:4 [   D:6 [

Annotations:
D:3 Seral's ghost, amateur MfIE


Innate Abilities, Weirdness & Mutations

You are small and have problems with some larger weapons.
You are somewhat resistant to further mutation.
You cannot be stealthy.


Message History

You hit the orc sorcerer but do no damage.
The orc sorcerer looks as sick as possible!
The orc sorcerer is moderately wounded.
The orc sorcerer points at you and mumbles some strange words.
You resist with significant effort. You block the orc knight's attack.
A hobgoblin comes into view. It is wielding a hand axe.
You gain the combat prowess of a mighty hero.
The orc sorcerer misses you.
You closely miss the orc warrior. The orc knight barely misses you.
You hit the orc warrior.
The orc warrior is poisoned.
The orc warrior is moderately wounded.
The orc sorcerer hits you with a war axe.
The orc warrior hits you with a war axe!
You hit the orc sorcerer but do no damage.
The orc sorcerer looks as sick as possible!
The orc sorcerer is moderately wounded.
The orc high priest calls upon Beogh to heal the orc warrior.
The orc warrior's wounds heal themselves!
The orc knight hits you with a battleaxe!!
You die...

#.....#.≈≈≈≈≈... #....
#.....'......).. #._..
#..⌠..'......)). # #....
#.....'......).. ..#....
#.....#.≈≈≈≈≈...
..#..o.#####''#.≈≈≈≈≈...
%%#...o#......#.≈≈≈≈≈.##
#..go#......#.≈≈≈≈≈≈#
#.oo@...######≈≈≈≈≈#
+.8o8.8.# #≈≈≈≈≈#
#.......# #≈≈≈≈≈#
#+####### #≈≈≈≈≈#
#≈≈≈≈≈# #≈≈≈≈≈#


You could see an orc knight, an orc high priest, an orc sorcerer, an orc
warrior, a gnoll and 2 orcs.

Vanquished Creatures
  Menkaure (D:6)
  An orc warrior (D:7)
  2 ice beasts (D:6)
  3 phantoms
  5 ogres
  2 centaurs
  Blork the orc (D:6)
  A big kobold (D:6)
  A bullfrog (D:7)
  A scorpion (D:5)
  An electric eel (Bailey)
  2 hounds
  A jelly (D:6)
  4 orc wizards
  4 orc priests
  3 iguanas
  2 worker ants
  Robin (D:3)
  7 gnolls
  7 adders
  2 shadow imps
  3 oozes (D:3)
  An adder zombie (D:5)
  An adder skeleton (D:4)
  5 worms
  4 dart slugs
  5 leopard geckos
  23 orcs
  3 ball pythons
  9 giant cockroaches
  19 goblins
  8 hobgoblins
  4 jackals (D:1)
  10 kobolds
  3 quokkas
  5 bats
  3 frilled lizards
  A leopard gecko skeleton (D:6)
  A quokka zombie (D:7)
  8 rats
168 creatures vanquished.

Notes
Turn   | Place    | Note
-------+----------+-------------------------------------------
     0 | D:1      | Oravi the Halfling Fighter began the quest for the Orb.
     0 | D:1      | Reached XP level 1. HP: 15/15 MP: 1/1
    28 | D:1      | Reached XP level 2. HP: 18/21 MP: 2/2
   139 | D:1      | Reached skill level 3 in Short Blades
   207 | D:1      | Reached XP level 3. HP: 24/26 MP: 3/3
   606 | D:2      | Found a white marble altar of Elyvilon.
   638 | D:2      | Reached XP level 4. HP: 31/31 MP: 4/4
   733 | D:2      | Reached skill level 4 in Short Blades
   886 | D:2      | Found a deep blue altar of Sif Muna.
   984 | D:2      | Found a faded altar of an unknown god.
   986 | D:2      | Became a worshipper of Ru the Awakened
  1161 | D:3      | Found a shadowy altar of Dithmenos.
  1229 | D:3      | Noticed Seral's ghost (amateur MfIE)
  1492 | D:3      | Reached XP level 5. HP: 34/37 MP: 5/5
  1709 | D:3      | Noticed Robin
  1744 | D:3      | Reached skill level 5 in Short Blades
  1748 | D:3      | Killed Robin
  1989 | D:3      | Noticed a centaur
  2000 | D:3      | Killed a centaur
  2000 | D:3      | Reached skill level 6 in Short Blades
  2000 | D:3      | Reached XP level 6. HP: 26/43 MP: 6/6
  2014 | D:3      | Found a hide-covered altar of Uskayaw.
  2571 | D:4      | Noticed a phantom
  2599 | D:4      | Killed a phantom
  2599 | D:4      | Reached skill level 7 in Short Blades
  2599 | D:4      | Reached XP level 7. HP: 37/48 MP: 7/7
  3039 | D:4      | Reached skill level 8 in Short Blades
  3079 | D:5      | Entered Level 5 of the Dungeon
  3268 | D:4      | Found Keniweek's Antique Armour Emporium.
  3612 | D:5      | Found a sparkling altar of Nemelex Xobeh.
  3628 | D:5      | Gained mutation: You cannot be stealthy. [Ru sacrifice]
  3967 | D:5      | Reached XP level 8. HP: 54/54 MP: 8/8
  4000 | D:5      | Found a radiant altar of Vehumet.
  4043 | D:5      | Found a sacrificial altar of Ru.
  4117 | D:5      | Reached skill level 5 in Fighting
  4203 | D:5      | Reached skill level 9 in Short Blades
  4656 | D:6      | Found a staircase to the Ecumenical Temple.
  4661 | Temple   | Entered the Ecumenical Temple
  4740 | Temple   | Fell from the grace of Ru
  4740 | Temple   | Became a worshipper of Warmaster Okawaru
  4946 | D:6      | Reached skill level 10 in Short Blades
  4958 | D:6      | Reached * piety under Okawaru
  5125 | D:6      | Reached XP level 9. HP: 56/62 MP: 9/9
  5271 | D:6      | Found an ancient bone altar of Kikubaaqudgha.
  5280 | D:6      | Reached skill level 11 in Short Blades
  5345 | D:6      | Found a blossoming altar of Fedhas.
  5466 | D:6      | Noticed Blork the orc
  5473 | D:6      | Reached ** piety under Okawaru
  5485 | D:6      | Killed Blork the orc
  5618 | D:6      | Found Onnaj's Antique Armour Shop.
  5621 | D:6      | Bought a pair of gloves for 90 gold pieces
  5621 | D:6      | Bought a cloak for 90 gold pieces
  5726 | D:6      | Noticed Menkaure
  5734 | D:6      | Killed Menkaure
  6024 | D:7      | Found a flagged portal.
  6045 | D:7      | Reached skill level 12 in Short Blades
  6085 | D:7      | Got a slimy leather armour
  6239 | Bailey   | Entered a bailey
  6391 | Bailey   | Noticed an orc sorcerer
  6402 | Bailey   | Found an iron altar of Okawaru.
  6402 | Bailey   | Noticed an orc knight
  6402 | Bailey   | Noticed an orc high priest
  6413 | Bailey   | Slain by an orc knight

Skill      XL: |  1  2  3  4  5  6  7  8  9 |
---------------+----------------------------+-----
Fighting       | 3 4 5 6 |  6.7
Short Blades   | 3 4 6 7 8 10 12 | 12.2
Armour         | |  3.2
Shields        | |  3.2

Action                   |  1- 3 |  4- 6 |  7- 9 || total
-------------------------+-------+-------+-------++-------
Melee: Rapier            |   123 |   189 |   248 ||   560
       Short sword       |       |       |   235 ||   235
Invok: Sacrifice Stealth |       |       |     1 ||     1
       Heroism           |       |       |     2 ||     2
Evoke: Wand              |       |       |     5 ||     5
  Use: Scroll            |       |     3 |    12 ||    15
       Potion            |       |     3 |     5 ||     8
  Eat: Chunk             |       |     6 |    12 ||    18
Armor: Scale mail        |    54 |    66 |    99 ||   219
       Skin              |       |       |     2 ||     2
Dodge: Dodged            |    32 |    52 |    79 ||   163
Block: Shield            |    54 |    80 |   166 ||   300
